 Dungeon Crawl Stone Soup version 0.28.0-43-g3370ac3207 (webtiles) character file.

Game seed: 1402831663031204462

641 Eitelfritz the Cudgeller (level 7, 0/59 HPs)
             Began as a Minotaur Gladiator on Mar 9, 2022.
             Slain by a black bear (2 damage)
             ... on level 5 of the Dungeon.
             The game lasted 00:06:47 (3459 turns).

Eitelfritz the Cudgeller (Minotaur Gladiator)       Turns: 3459, Time: 00:06:47

Health: 0/59       AC:  7    Str: 18    XL:     7   Next: 26%
Magic:  6/6        EV: 12    Int:  7    God:
Gold:   137        SH:  0    Dex: 12    Spells: 6/6 levels left

rFire   . . .      SeeInvis .   a - +0 flail (freeze)
rCold   . . .      Faith    .   (no shield)
rNeg    . . .      Spirit   .   f - +0 ring mail
rPois   +          Reflect  .   h - +1 hat
rElec   .          Harm     .   e - +0 cloak
rCorr   .          Rampage  .   (no gloves)
Will    .....                   (no boots)
Stlth   +.........              (no amulet)
HPRegen 0.19/turn               n - ring of poison resistance
MPRegen 0.10/turn               (no ring)

@: no status effects
A: horns 2, retaliatory headbutt
a: no special abilities


You were on level 5 of the Dungeon.
You visited 1 branch of the dungeon, and saw 5 of its levels.

You collected 137 gold pieces.

Inventory:

Hand Weapons
 a - a +0 flail of freezing (weapon)
Missiles
 d - 3 throwing nets (quivered)
Armour
 b - a +0 chain mail
 e - a +0 cloak (worn)
 f - a +0 ring mail (worn)
 h - a +1 hat (worn)
Jewellery
 n - a ring of poison resistance (left hand)
Scrolls
 c - a scroll of noise {unknown}
 g - a scroll of magic mapping {unknown}
Potions
 j - 2 potions of brilliance
 l - a potion of flight
 m - a potion of curing {unknown}


   Skills:
 + Level 4.1 Fighting
 + Level 7.6 Maces & Flails
 + Level 2.2 Throwing
 + Level 3.5 Armour
 + Level 4.8 Dodging
 + Level 1.0 Stealth


You had 6 spell levels left.
You didn't know any spells.
Your spell library contained the following spells:

 Spells                   Type           Power      Damage    Failure   Level
 Magic Dart               Conj           0%         1d3       63%         1
 Call Imp                 Summ           0%         N/A       77%         2
 Corpse Rot               Necr/Air       0%         N/A       77%         2
 Mephitic Cloud           Conj/Pois/Air  0%         N/A       94%         3
 Dispel Undead            Necr           0%         3d6       100%        4
 Olgreb's Toxic Radiance  Pois           0%         N/A       100%        4
 Alistair's Intoxication  Tmut/Pois      0%         N/A       100%        5
 Borgnjor's Vile Clutch   Necr/Erth      0%         N/A       100%        5
 Death Channel            Necr           0%         N/A       100%        6
 Eringya's Noxious Bog    Tmut/Pois      0%         N/A       100%        6
 Ozocubu's Refrigeration  Ice            0%         4d5       100%        7
 Ignition                 Fire           0%         3d3       100%        8


Dungeon Overview and Level Annotations

Branches:
Dungeon (5/15)
 Temple: D:4-7

Altars:
Xom

Shops:
D:1 (   D:4 ::

Annotations:
D:4 Blork the orc


Innate Abilities, Weirdness & Mutations

You have a pair of horns on your head.
You reflexively headbutt those who attack you in melee.


Message History

The black bear claws you but does no damage.
The black bear closely misses you. The orc hits you but does no damage.
You hit the orc but do no damage. The black bear completely misses you.
You furiously retaliate!
You headbutt the black bear.
The black bear claws you but does no damage.
The black bear barely misses you. The orc hits you but does no damage.
The orc priest calls down the wrath of Beogh upon you.
Beogh smites you!
* * * LOW HITPOINT WARNING * * *
You feel much better. The orc warrior barely misses you.
The black bear barely misses you.
The black bear claws you but does no damage.
The black bear claws you. The orc hits you with a +0 dagger.
You barely miss the orc. You headbutt the orc, but do no damage.
The orc warrior closely misses you. You furiously retaliate!
You headbutt the orc warrior. The black bear barely misses you.
The black bear claws you but does no damage.
The black bear barely misses you. The orc hits you but does no damage.
You sock the orc warrior! You freeze the orc warrior.
The orc warrior is severely wounded.
The orc warrior hits you with a +0 scimitar!
* * * LOW HITPOINT WARNING * * *
The black bear barely misses you. You furiously retaliate!
You headbutt the black bear! The black bear claws you.
* * * LOW HITPOINT WARNING * * *
The black bear misses you. The orc misses you. You furiously retaliate!
You headbutt the orc, but do no damage. You hit the orc warrior.
You freeze the orc warrior.
The orc warrior is almost dead.
The orc warrior hits you with a +0 scimitar!
* * * LOW HITPOINT WARNING * * *
The black bear bites you.
* * * LOW HITPOINT WARNING * * *
The black bear closely misses you. x2; The orc closely misses you.
You furiously retaliate!
You headbutt the orc!
You kill the orc!
You hit the orc warrior but do no damage.
The orc warrior is almost dead.
The orc warrior closely misses you. The black bear bites you.
You die...

#.........oo# .
#..?........##.#
#..............#
#............#..
#......<.o....#
#...........#.#
.$..#....##.#
###.....)##o#
#..#...)@ho#
#......##o....#
#..#(#.....##....
#..>........! ...
.........#.... .
#........ ......
$.>...... ......
...... ....##


You could see an orc warrior, a black bear, an orc priest and an orc.

Vanquished Creatures
  A water moccasin (D:5)
  An ogre (D:4)
  A phantom (D:4)
  A scorpion (D:4)
  A centaur skeleton (D:4)
  A jelly (D:4)
  A hound (D:4)
  An orc priest (D:5)
  3 iguanas
  3 adders (D:2)
  5 worms
  6 orcs
  5 ball pythons
  5 endoplasms
  4 giant cockroaches
  6 goblins
  5 hobgoblins
  8 jackals
  5 kobolds
  3 quokkas
  7 bats
  2 frilled lizards (D:2)
  4 rats
79 creatures vanquished.

Notes
Turn   | Place    | Note
-------+----------+-------------------------------------------
     0 | D:1      | Eitelfritz the Minotaur Gladiator began the quest for the
                  | Orb.
     0 | D:1      | Reached XP level 1. HP: 18/18 MP: 0/0
   147 | D:1      | Found a faded altar of an unknown god.
   210 | D:1      | Found Ydor's Antique Weapon Boutique.
   268 | D:1      | Reached skill level 4 in Maces & Flails
   275 | D:1      | Reached XP level 2. HP: 17/25 MP: 1/1
   945 | D:2      | Found a shimmering altar of Xom.
   998 | D:2      | Reached XP level 3. HP: 28/30 MP: 2/2
  1361 | D:2      | Reached XP level 4. HP: 37/37 MP: 3/3
  1530 | D:2      | Reached skill level 1 in Armour
  2289 | D:3      | Reached skill level 5 in Maces & Flails
  2487 | D:4      | Noticed Blork the orc
  2488 | D:4      | Found Iclaib's Book Shop.
  2609 | D:4      | Reached XP level 5. HP: 36/44 MP: 4/4
  2708 | D:4      | Reached skill level 6 in Maces & Flails
  2938 | D:4      | Found Qoymaibbe's Book Emporium.
  3010 | D:4      | Reached XP level 6. HP: 50/51 MP: 5/5
  3229 | D:4      | Reached skill level 1 in Stealth
  3264 | D:4      | Reached skill level 7 in Maces & Flails
  3436 | D:5      | Entered Level 5 of the Dungeon
  3436 | D:5      | Noticed an orc warrior
  3436 | D:5      | Noticed a water moccasin
  3445 | D:5      | Killed a water moccasin
  3446 | D:5      | Reached XP level 7. HP: 45/59 MP: 6/6
  3458 | D:5      | HP: 2/59 [black bear (2)]
  3459 | D:5      | Slain by a black bear

Illustrated notes

Levels and vault maps discovered:
D:1:      kennysheep_arrival_forest, layout_loops_ring, basic_ecumenical_altar,
          serial_shops, nicolae_shop_statue_plus, minmay_misc_feat_iff
D:2:      layout_loops_cross, basic_altar, amcnicky_mini_corridor_feature,
          minmay_quantized
D:3:      layout_basic, nicolae_underground_beach
D:4:      layout_rooms, serial_shops, shop, shop, uniq_blork_the_orc
D:5:      layout_rooms, gup_sewer_entry_glass

Skill      XL: |  1  2  3  4  5  6 |
---------------+-------------------+-----
Maces & Flails | 4 5 6 7 |  7.6
Dodging        | 4 |  4.8
Armour         | 1 2 3 |  3.5
Fighting       | 3 4 |  4.1
Stealth        | 1 |  1.0
Throwing       | |  2.2

Action                   |  1- 3 |  4- 6 |  7- 9 || total
-------------------------+-------+-------+-------++-------
Melee: Flail             |    76 |    86 |    12 ||   174
       Headbutt          |     7 |    14 |     2 ||    23
       Punch             |       |     2 |       ||     2
  Use: Scroll            |       |     8 |       ||     8
       Potion            |       |       |     1 ||     1
 Stab: Sleeping          |       |     1 |       ||     1
Armor: Leather armour    |    29 |     9 |       ||    38
       Ring mail         |       |     9 |    13 ||    22
Dodge: Dodged            |    62 |    47 |    29 ||   138
